 Dungeon Crawl Stone Soup version 0.21-a0-442-g848f44b (webtiles) character file.

22 AverageBear the Cutter (level 2, -1/18 HPs)
             Began as a Deep Elf Fighter on Nov 12, 2017.
             Slain by a worm (4 damage)
             ... on level 2 of the Dungeon.
             The game lasted 00:00:28 (520 turns).

AverageBear the Cutter (Deep Elf Fighter)            Turns: 520, Time: 00:00:29

Health: -1/18      AC:  6    Str: 13    XL:     2   Next: 68%
Magic:  4/4        EV:  6    Int: 14    God:
Gold:   49         SH:  8    Dex: 16    Spells: 1/1 levels left

rFire    . . .     SeeInvis .   a - +0 rapier
rCold    . . .     Gourm    .   c - +0 shield
rNeg     . . .     Faith    .   b - +0 scale mail
rPois    .         Spirit   .   (no helmet)
rElec    .         Reflect  .   (no cloak)
rCorr    .         Harm     .   (no gloves)
MR       .....                  (no boots)
Stlth    ..........             (no amulet)
HPRegen  0.06/turn              (no ring)
MPRegen  0.09/turn              (no ring)

@: lethally poisoned (-1 -> -7)
A: agile 1, clever 1
a: no special abilities


You were on level 2 of the Dungeon.
You were not hungry.

You visited 1 branch of the dungeon, and saw 2 of its levels.

You collected 49 gold pieces.

Inventory:

Hand Weapons
 a - a +0 rapier (weapon)
Armour
 b - a +0 scale mail (worn)
 c - a +0 shield (worn)
Scrolls
 e - a scroll of teleportation
Potions
 d - a potion of might
Comestibles
 f - a bread ration
 h - a meat ration
 j - 2 fruits


   Skills:
 - Level 2.4 Fighting
 + Level 3.3 Short Blades
 - Level 2.4 Armour
 - Level 2.4 Shields


You had one spell level left.
You didn't know any spells.

Dungeon Overview and Level Annotations

Branches:
Dungeon (2/15)

Altars:


Innate Abilities, Weirdness & Mutations

You are agile. (Dex +2)
Your mind is acute. (Int +2)


Message History

You feel sick. The adder bites you but does no damage.
You block the frilled lizard's attack. The adder barely misses you.
You hit the adder but do no damage.
The adder is almost dead.
You feel sick. The frilled lizard bites you.
* * * LOW HITPOINT WARNING * * *
The adder barely misses you. You block the frilled lizard's attack.
You closely miss the adder.
The adder is almost dead.
The adder barely misses you. The adder bites you but does no damage.
You block the frilled lizard's attack.
You hit the adder.
You kill the adder!
* * * LOW HITPOINT WARNING * * *
You feel sick.
The frilled lizard bites you but does no damage.
It was a potion of mutation.
You feel extremely strange.
You feel frail.
You feel robust.
You feel agile.
You feel clever. The worm bites you.
You die...

... . .......
#..##. .......
#..#.. $..... #
#....# .....
#.##....###...#
#.....#.......#
..............##
......†@w......#
#.....l.#<.....#
#...##.........#
... #.........#
. ...##......#
...## ##......#
).. ######.# ..
.#


You could see a worm and a frilled lizard.

Vanquished Creatures
  An adder (D:2)
  2 dart slugs (D:1)
  A goblin (D:1)
  2 kobolds (D:1)
  3 bats (D:1)
  A frilled lizard (D:1)
  A rat (D:1)
11 creatures vanquished.

Notes
Turn   | Place    | Note
-------+----------+-------------------------------------------
     0 | D:1      | AverageBear the Deep Elf Fighter began the quest for the Orb.
     0 | D:1      | Reached XP level 1. HP: 13/13 MP: 3/3
   235 | D:1      | Reached XP level 2. HP: 14/18 MP: 4/4
   379 | D:1      | Reached skill level 3 in Short Blades
   520 | D:2      | Gained mutation: You are frail. (-10% HP) [potion of mutation]
   520 | D:2      | Lost mutation: You are frail. (-10% HP) [potion of mutation]
   520 | D:2      | Gained mutation: You are agile. (Dex +2) [potion of mutation]
   520 | D:2      | Gained mutation: Your mind is acute. (Int +2) [potion of mutation]
   520 | D:2      | Slain by a worm

Vault maps used:
D:1:      dpeg_arrival_windows_large_door
D:2:      lemuel_doored_altar, zin_scriptorium

Skill      XL: |  1  2 |
---------------+-------+-----
Short Blades   | 3 |  3.3
Fighting       | |  2.4
Armour         | |  2.4
Shields        | |  2.4

Action                   || total
-------------------------++-------
Melee: Rapier            ||    46
  Use: Scroll            ||     4
       Potion            ||     1
Armor: Scale mail        ||    28
Dodge: Dodged            ||    23
Block: Shield            ||    33

Table legend:
 A = Spawn XP
 B = Non-spawn XP
 C = Spawn XP percentage of total XP
 D = Spawn monster count
 E = Non-spawn monster count
 F = Spawn count percentage of total count
 G = Total turns spent on level
                    A         B        C        D         E        F      G
               +---------+---------+-------+---------+---------+-------+---------
         Total |       0 |      32 |   0.0 |       0 |      11 |   0.0 |   520
               +---------+---------+-------+---------+---------+-------+---------
           D:1 |       0 |      19 |   0.0 |       0 |      10 |   0.0 |   504
           D:2 |       0 |      13 |   0.0 |       0 |       1 |   0.0 |    16
               +---------+---------+-------+---------+---------+-------+---------
